 Dungeon Crawl Stone Soup version 0.21-a0-111-g52d2817 (webtiles) character file.

77055 Charly the Grappler (level 15, -2/179 HPs)
             Began as an Ogre Skald on July 11, 2017.
             Was the Champion of Cheibriados.
             Killed by a malign offering
             ... invoked by a deep elf high priest
              (30 damage)
             ... on level 3 of the Elven Halls on July 12, 2017.
             The game lasted 02:06:40 (9743 turns).

Charly the Grappler (Ogre Skald)                    Turns: 9743, Time: 02:06:41

Health: -2/179     AC:  7    Str: 36    XL:     15   Next: 55%
Magic:  2/23       EV: 21    Int: 37    God:    Cheibriados [******]
Gold:   822        SH:  0    Dex: 28    Spells: 7/24 levels left

rFire    + + +     SeeInvis +     - Unarmed
rCold    . . .     Gourm    .   (shield currently unavailable)
rNeg     . . .     Faith    +   M - +1 troll leather armour
rPois    .         Spirit   .   (helmet restricted)
rElec    .         Reflect  .   h - +0 cloak
rCorr    .         Harm     .   (gloves unavailable)
MR       +++..                  (boots unavailable)
Stlth    +.........             n - amulet of faith
HPRegen  0.79/turn              C - ring of Ikhifer {+Fly Str+2 Int+4}
MPRegen  0.18/turn              I - ring "Umpojig" {rF+++ MR+ Int+4 SInv Stlth-}

@: blade hands, very slow
A: unfitting armour, blurry vision 1, magic resistance 1, robust 1, tough skin 1
a: End Transformation, Bend Time, Temporal Distortion, Slouch, Step From Time,
Renounce Religion, Evoke Flight


You were on level 3 of the Elven Halls.
You worshipped Cheibriados.
Cheibriados was exalted by your worship.
You were hungry.
You had blades for hands.
You visited 5 branches of the dungeon, and saw 26 of its levels.
You also visited: Labyrinth and Sewer.

You collected 1020 gold pieces.
You spent 198 gold pieces at shops.

Inventory:

Missiles
 r - 5 large rocks (quivered)
Armour
 h - a +0 cloak (worn)
 m - a +2 robe of magic resistance
 M - a +1 troll leather armour (worn)
Jewellery
 c - an uncursed ring of ice
 n - an amulet of faith (around neck)
 p - an uncursed ring of poison resistance
 t - the ring "Badon" {*Tele rPois}
   (You took it off a minotaur in a labyrinth)

   [ring of teleportation]

   It may teleport you next to monsters.
   It protects you from poison.
 w - an uncursed ring of wizardry
 C - the ring of Ikhifer (left scythe-like blade) {+Fly Str+2 Int+4}
   (You found it in a labyrinth)

   [ring of flight]

   It affects your strength (+2).
   It affects your intelligence (+4).
   It lets you fly.
 I - the ring "Umpojig" (right scythe-like blade) {rF+++ MR+ Int+4 SInv Stlth-}
   (You found it on level 14 of the Dungeon)

   [ring of intelligence]

   It affects your intelligence (+4).
   It renders you almost immune to fire.
   It affects your resistance to hostile enchantments.
   It lets you see invisible.
   It makes you less stealthy.
 J - an uncursed amulet of guardian spirit {unknown}
Wands
 b - a wand of polymorph (7/24)
 g - a wand of disintegration (1/24)
 j - a wand of digging (0/24)
 x - a wand of confusion (11/48)
 y - a wand of iceblast (11/15)
 A - a wand of scattershot (5/9)
 B - a wand of paralysis (10/24)
 E - a wand of confusion (31/48)
 G - a wand of polymorph (14/24)
 H - a wand of confusion (24/48)
 K - a wand of acid (8/15)
 L - a wand of lightning (4/15)
Scrolls
 e - 6 scrolls of remove curse
 i - a scroll of fear
 s - a scroll of holy word
 F - a scroll of fog
Potions
 a - 2 potions of brilliance
 d - 2 potions of flight
 l - 2 potions of berserk rage {unknown}
 o - a potion of cancellation {unknown}
 q - a potion of mutation
 u - a potion of degeneration {unknown}
 v - a potion of might {unknown}
 z - a potion of lignification
 D - 3 potions of curing
 N - a potion of heal wounds
Comestibles
 f - 6 bread rations
 k - 5 meat rations


   Skills:
 - Level 14.0 Fighting
 + Level 11.9 Dodging
 + Level 14.2 Unarmed Combat
 - Level 5.3 Spellcasting
 - Level 5.1 Charms
 - Level 2.3 Necromancy
 - Level 7.5 Transmutations
 + Level 8.9 Invocations
 - Level 5.0 Evocations


You had 7 spell levels left.
You knew the following spells:

 Your Spells              Type           Power        Failure   Level  Hunger
c - Confusing Touch       Hex            #.....       28%         1    None
g - Shroud of Golubria    Chrm/Tloc      ####......   21%         2    None
h - Blade Hands           Tmut           ######....   32%         5    #####..
r - Regeneration          Chrm/Necr      #####.....   24%         3    None
s - Song of Slaying       Chrm           #####...     13%         2    None
I - Ice Form              Ice/Tmut       #####...     43%         4    ##.....


Dungeon Overview and Level Annotations

Branches:
Dungeon (15/15)            Temple (1/1) D:5            Lair (5/6) D:11
  Swamp (0/4) Lair:4        Snake (0/4) Lair:4        Slime (0/5) Lair:5
    Orc (2/2) D:11            Elf (3/3) Orc:2        Vaults (0/5) D:14
 Depths: D:15

Altars:
Cheibriados
Dithmenos
Elyvilon
Fedhas
Gozag
Hepliaklqana
Makhleb
Okawaru
Qazlal
Ru
Sif Muna
Trog
Wu Jian
Xom
The Shining One

Shops:
D:5 (   D:7 [:!?   D:11 (   Orc:2 (*=[

Annotations:
D:6 Dowan, Duvessa, Eustachio
Orc:1 Snorg
Elf:2 exclusion: orange crystal statue


Innate Abilities, Weirdness & Mutations

You are too large for most types of armour.
You have tough skin. (AC +1)
Scrolls take you a little longer to read.
You are resistant to hostile enchantments. (MR+)
You are robust. (+10% HP)


Message History

You shred the deep elf master archer!!!
You kill the deep elf master archer!
Cheibriados thoroughly appreciates the change of pace.
The small abomination hits you but does no damage.
Unknown command.
You barely miss the small abomination.
The small abomination closely misses you.
Unknown command.
You slice the small abomination!!
The small abomination is heavily damaged.
The deep elf high priest shoots an arrow.
The arrow hits you but does no damage. The small abomination hits you!
* * * LOW HITPOINT WARNING * * *
Unknown command.
You shred the small abomination!!!!
You destroy the small abomination!
Cheibriados appreciates the change of pace.
The deep elf high priest utters a dark prayer and points at you.
Your life force is offered up.
You die...

#. ## #. # #. #. #.
#####e##################.
'.....).#...........#....
#......)#...........#....
#......)@...........'...#
#####+###+########+###+##
#################################
≈≈≈≈≈≈≈≈≈≈≈≈≈≈≈≈≈≈≈≈≈≈≈≈≈≈≈≈≈≈≈≈≈
≈≈≈≈≈≈≈≈≈≈≈≈≈≈≈≈≈≈≈≈≈≈≈≈≈≈≈≈≈≈≈≈≈
....................)..)........≈
...................)..)..........


You could see a deep elf high priest.

Vanquished Creatures
  A deep elf master archer (Elf:3)
  A deep elf sorcerer (Elf:3)
  An orc warlord (Orc:2)
  A deep elf elementalist (Elf:3)
  A deep elf demonologist (Elf:3)
  A deep elf annihilator (Elf:3)
  A minotaur (Lab)
  Fannar (D:11)
  A deep elf death mage (Elf:3)
  4 hydras
  3 vault guards (D:14)
  2 centaur warriors
  6 two-headed ogres
  An ogre mage (D:15)
  5 dancing weapons
  3 orc high priests (Orc:2)
  A small abomination (Elf:3)
  4 deep elf knights
  2 skeletal warriors (D:13)
  5 unseen horrors
  2 necromancers (D:14)
  2 wizards (D:14)
  3 deep elf archers
  4 orc knights
  19 deep elf magi
  A cyclops (D:11)
  2 orc sorcerers (Orc:2)
  4 ugly things
  2 black mambas
  Joseph (D:9)
  A black mamba (shapeshifter) (Elf:2)
  6 spiny frogs
  2 redback zombies
  A freezing wraith (D:15)
  3 rime drakes
  3 komodo dragons
  5 trolls
  A polar bear (Lair:5)
  3 slime creatures (D:13)
  7 hippogriffs
  2 wraiths
  16 flying skulls (D:13)
  A spriggan (Lair:1)
  A water elemental (Elf:2)
  2 vampires (D:14)
  A shadow (D:14)
  A wyvern (D:9)
  29 yaks
  A fire elemental (Elf:3)
  A fire bat (shapeshifter) (Elf:3)
  2 basilisks
  A human (shapeshifter) (D:14)
  15 humans (D:14)
  2 hungry ghosts
  A steam dragon (D:11)
  A warg (Orc:1)
  An acid dragon (D:14)
  13 water moccasins
  9 porcupines
  25 orc warriors
  A hornet zombie (D:15)
  2 ice beasts (D:7)
  2 sky beasts
  A black bear (Lair:2)
  2 phantoms
  An eye of draining (D:10)
  6 ogres
  14 wolves
  3 centaurs
  7 crocodiles
  A big kobold (D:10)
  8 bullfrogs
  3 earth elementals
  A scorpion (D:6)
  4 wights (D:10)
  3 electric eels (D:11)
  A howler monkey (D:5)
  5 crimson imps
  6 hounds
  A quasit (D:10)
  15 orc priests
  5 jellies
  An iguana (D:7)
  2 bullfrog skeletons
  3 centaur skeletons
  5 worker ants
  13 orc wizards
  A killer bee zombie (D:10)
  11 adders
  3 shadow imps
  5 oozes (D:8)
  2 adder skeletons
  An adder zombie (D:5)
  A worm (D:5)
  12 leopard geckos
  53 orcs
  4 ball pythons
  3 bats
  5 giant cockroaches
  A goblin (D:3)
  2 hobgoblins
  4 jackals
  11 kobolds
  2 quokkas
  3 frilled lizards (Sewer)
  A leopard gecko zombie (D:7)
  2 quokka skeletons
  3 rats
488 creatures vanquished.

Vanquished Creatures (others)
  A deep elf knight (Elf:2)
1 creature vanquished.

Grand Total: 489 creatures vanquished

Notes
Turn   | Place    | Note
-------+----------+-------------------------------------------
     0 | D:1      | Charly the Ogre Skald began the quest for the Orb.
     0 | D:1      | Reached XP level 1. HP: 22/22 MP: 3/3
   306 | D:3      | Reached XP level 2. HP: 27/29 MP: 3/5
   312 | D:2      | Learned a level 2 spell: Shroud of Golubria
   495 | D:3      | acdc
   515 | D:4      | Reached XP level 3. HP: 15/36 MP: 0/6
   520 | D:4      | Learned a level 3 spell: Regeneration
   559 | D:4      | Reached XP level 4. HP: 25/44 MP: 1/7
   577 | D:4      | blast
   597 | D:4      | Noticed a bullfrog
   603 | D:4      | Killed a bullfrog
   603 | D:4      | Reached XP level 5. HP: 40/54 MP: 0/8
   639 | D:4      | wiz
   678 | D:5      | Entered Level 5 of the Dungeon
   678 | D:5      | Noticed a phantom
   732 | D:5      | Killed a phantom
   732 | D:5      | Reached XP level 6. HP: 43/63 MP: 0/9
   736 | D:5      | Learned a level 2 spell: Song of Slaying
   764 | D:5      | Found a staircase to the Ecumenical Temple.
   780 | Temple   | Entered the Ecumenical Temple
   931 | D:5      | Reached skill level 5 in Unarmed Combat
   980 | D:5      | Reached skill level 5 in Fighting
  1051 | D:5      | Reached XP level 7. HP: 45/75 MP: 0/10
  1177 | D:5      | Found Hepunaojidgh's Weapon Shop.
  1302 | D:6      | Found a glowing drain.
  1337 | Sewer    | Entered a sewer
  1639 | D:7      | Found a deep blue altar of Sif Muna.
  1731 | D:7      | Found a burning altar of Makhleb.
  1787 | D:7      | Found Humpoll's Book Boutique.
  1833 | D:8      | Noticed a hippogriff
  1853 | D:8      | Reached XP level 8. HP: 17/87 MP: 4/11
  1923 | D:8      | Killed a hippogriff
  1968 | D:7      | Noticed a hippogriff
  2002 | D:6      | Found an iron altar of Okawaru.
  2002 | D:6      | Noticed Duvessa
  2002 | D:6      | Noticed Dowan
  2019 | D:6      | Found a bloodstained altar of Trog.
  2027 | D:6      | Noticed Eustachio
  2170 | D:6      | Found a snail-covered altar of Cheibriados.
  2170 | D:6      | Found a hazy altar of Hepliaklqana.
  2178 | D:6      | Became a worshipper of Cheibriados the Contemplative
  2394 | D:7      | Found Cutowih's Distillery.
  2402 | D:7      | Bought a potion of lignification for 45 gold pieces
  2428 | D:7      | Found Tubu's Antique Armour Shop.
  2477 | D:7      | Bought a potion of mutation for 120 gold pieces
  2521 | D:7      | Found Wiump's Magic Scroll Shoppe.
  2656 | D:9      | Noticed a yak
  2656 | D:9      | Noticed a yak
  2656 | D:9      | Noticed a yak
  2679 | D:9      | Killed a yak
  2679 | D:9      | Reached * piety under Cheibriados
  2679 | D:9      | Reached XP level 9. HP: 81/98 MP: 5/12
  2818 | D:9      | Gained mutation: You are resistant to hostile enchantments. (MR+) [mutagenic meat]
  2819 | D:9      | Gained mutation: Scrolls take you a little longer to read. [mutagenic meat]
  2820 | D:9      | Gained mutation: You are robust. (+10% HP) [mutagenic meat]
  2843 | D:9      | Noticed a two-headed ogre
  2859 | D:9      | Noticed Joseph
  2878 | D:9      | Killed Joseph
  2878 | D:9      | Reached skill level 5 in Dodging
  2991 | D:10     | Entered Level 10 of the Dungeon
  3043 | D:10     | Reached ** piety under Cheibriados
  3129 | D:10     | Reached XP level 10. HP: 112/121 MP: 8/13
  3146 | D:10     | Reached skill level 10 in Fighting
  3553 | D:10     | Reached skill level 10 in Unarmed Combat
  3622 | D:10     | HP: 2/122 [two-headed ogre/giant club (22)]
  3637 | D:10     | Killed a two-headed ogre
  3749 | D:10     | Reached *** piety under Cheibriados
  3789 | D:10     | Killed an unseen horror
  3789 | D:10     | Reached skill level 1 in Invocations
  4026 | D:10     | Noticed a two-headed ogre
  4053 | D:10     | Killed a two-headed ogre
  4053 | D:10     | Reached XP level 11. HP: 62/132 MP: 0/14
  4061 | D:10     | Learned a level 1 spell: Confusing Touch
  4109 | D:11     | Noticed Fannar
  4141 | D:11     | Killed Fannar
  4168 | D:11     | Noticed a cyclops
  4303 | D:11     | Noticed a cyclops
  4333 | D:11     | Killed a cyclops
  4358 | D:11     | Found a staircase to the Lair.
  4464 | D:11     | Reached **** piety under Cheibriados
  4533 | D:11     | Noticed a brown ugly thing
  4580 | Lair:1   | Entered Level 1 of the Lair of Beasts
  4633 | Lair:1   | Reached skill level 1 in Evocations
  5081 | Lair:2   | Reached XP level 12. HP: 107/145 MP: 15/15
  5271 | Lair:3   | Noticed a four-headed hydra
  5279 | Lair:3   | Killed a four-headed hydra
  5383 | Lair:3   | You fall through a shaft for 2 floors!
  5384 | Lair:5   | Noticed an eight-headed hydra
  5390 | Lair:5   | Reached ***** piety under Cheibriados
  5393 | Lair:5   | Found a staircase to the Slime Pits.
  5589 | Lair:4   | Reached skill level 5 in Evocations
  5601 | Lair:4   | Found a staircase to the Snake Pit.
  5681 | Lair:3   | Noticed a five-headed hydra
  5684 | Lair:3   | Killed a five-headed hydra
  6292 | Lair:4   | Found a staircase to the Swamp.
  6496 | D:12     | Noticed a centaur warrior
  6517 | D:12     | Killed a centaur warrior
  6517 | D:12     | Reached XP level 13. HP: 79/158 MP: 16/16
  6757 | D:13     | Reached skill level 10 in Dodging
  6757 | D:13     | Reached ****** piety under Cheibriados
  6792 | D:13     | Reached skill level 1 in Necromancy
  7142 | D:14     | Reached skill level 5 in Charms
  7217 | D:15     | Entered Level 15 of the Dungeon
  7249 | D:15     | Learned a level 4 spell: Ice Form
  7255 | D:15     | Learned a level 5 spell: Blade Hands
  7259 | D:15     | Found a shadowy altar of Dithmenos.
  7322 | D:15     | Reached skill level 1 in Transmutations
  7440 | D:15     | Reached skill level 5 in Transmutations
  7502 | D:15     | Reached XP level 14. HP: 171/171 MP: 14/20
  7612 | D:14     | Reached skill level 5 in Spellcasting
  7624 | D:14     | Got a steaming granite ring
  7626 | D:14     | Identified the ring "Umpojig" {rF+++ MR+ Int+4 SInv Stlth-} (You found it on level 14 of the Dungeon)
  7640 | D:14     | Found a gate to the Vaults.
  7734 | D:13     | Reached skill level 5 in Invocations
  7868 | D:11     | Found Benunwi's Weapon Boutique.
  7868 | D:11     | Found a staircase to the Orcish Mines.
  7963 | Orc:1    | Entered Level 1 of the Orcish Mines
  7966 | Orc:2    | Entered Level 2 of the Orcish Mines
  7966 | Orc:2    | Found a staircase to the Elven Halls.
  8035 | Orc:2    | Found Icsirch's General Store.
  8047 | Orc:2    | Bought a potion of lignification for 33 gold pieces
  8123 | Orc:2    | Found Poxodoor's Antique Weapon Shoppe.
  8147 | Orc:2    | Found a labyrinth entrance.
  8156 | Lab      | Entered a labyrinth
  9025 | Lab      | Got an ancient amber ring
  9030 | Lab      | Got a fine bronze ring
  9034 | Orc:2    | Identified the ring "Badon" {*Tele rPois} (You took it off a minotaur in a labyrinth)
  9036 | Orc:2    | Identified the ring of Ikhifer {+Fly Str+2 Int+4} (You found it in a labyrinth)
  9107 | Orc:2    | Noticed an orc warlord
  9131 | Orc:2    | Killed an orc warlord
  9168 | Orc:2    | Found Ginippew's Jewellery Emporium.
  9210 | Orc:2    | Found Muxibys's Antique Armour Emporium.
  9232 | Orc:1    | Noticed Snorg
  9276 | Elf:1    | Entered Level 1 of the Elven Halls
  9347 | Elf:2    | Reached XP level 15. HP: 100/179 MP: 7/23
  9433 | Elf:3    | Entered Level 3 of the Elven Halls
  9698 | Elf:3    | Noticed a deep elf elementalist
  9703 | Elf:3    | Killed a deep elf elementalist
  9706 | Elf:3    | Noticed a deep elf sorcerer
  9706 | Elf:3    | Killed a deep elf sorcerer
  9712 | Elf:3    | Noticed a deep elf sorcerer
  9736 | Elf:3    | Noticed a deep elf master archer
  9740 | Elf:3    | Killed a deep elf master archer
  9743 | Elf:3    | Killed from afar by a deep elf high priest

Vault maps used:
D:1:      mainiacjoe_arrival_reflecting_pool
D:2:      overflow_temple_1_default, overflow_temple_1_default, zin_treasury,
          nemelex_xobeh_ov_fountains_minmay, ashenzari_altar_1,
          minmay_snake_closets
D:3:      grunt_temple_overflow_open
D:4:      first_bread
D:5:      minmay_temple_entry_glass, serial_shops, shop, grunt_ministairs_13
D:6:      overflow_temple_1_default, lemuel_crystal_altar,
          nicolae_overflow_hidden_temple, gup_sewer_entry_pipe, serial_glass,
          glass_columns_a, glass_columns_a, glass_columns_b, glass_columns_a,
          glass_columns_a, glass_columns_a, uniq_duvessa, uniq_eustachio
D:7:      marbit_many_paths, basic_altar, serial_shops, shop_fountains,
          shop_statue, shop, nicolae_shop_window_shopping,
          grunt_decor_resistance
D:8:      lightli_temple_of_fire, special_room, hangedman_little_slice_of_home
D:9:      nrook_mini_vaults, uniq_psyche, uniq_pikel, uniq_joseph
D:11:     erik_lair_island, orc_david_3, uniq_fannar
D:12:     minmay_nested_s
D:13:     minmay_guarded_unrand_skullcrusher
D:14:     grunt_vaults_entry_tiered, minmay_misc_feat_more_columns,
          serial_column_ruins, column_ruins_columns_straight,
          column_ruins_columns_T, column_ruins_columns_dead_end,
          column_ruins_open_medium, column_ruins_grid_3
D:15:     grunt_enter_depths_giant_problem, hangedman_abyss_or_decor_passed,
          nicolae_dithmenos_through_a_glass_darkly
Temple:   jpeg_temple_island
Lair:1:   st_stairs_8, grunt_forest_large_clearing_hut, grunt_megastairs_3
Lair:4:   swamp_mist, minmay_snake_entry_six_corridors
Lair:5:   cheibrodos_magma_flow, minmay_slime_entry_jelly_boxes, minivault_23,
          lemuel_fruit_fields
Orc:1:    bh_open_orc_temple, uniq_snorg, uniq_erolcha
Orc:2:    grunt_orc_gardens, grunt_orc_garden, grunt_orc_garden,
          grunt_orc_garden, grunt_orc_garden, lab_entry_generic
Elf:1:    eino_elf_arrival_the_gate, enter_trove_5, hangedman_corner_corridor
Elf:2:    basic_altar, minivault_16, spider_trap
Elf:3:    minmay_elf_hall_four_x, grunt_ministairs_7, uniq_asterion
Lab:      labyrinth_mini_lab
Sewer:    sewer_co_scattered_pipes

Skill      XL: |  1  2  3  4  5  6  7  8  9 10 11 12 13 14 15 |
---------------+----------------------------------------------+-----
Unarmed Combat | 2 3 4 5 6 8 9 11 12 13 14 | 14.2
Fighting       | 3 4 6 7 9 11 12 13 14 | 14.0
Dodging        | 3 5 6 7 9 10 11 | 11.9
Invocations    | 4 7 8 |  8.9
Evocations     | 3 5 |  5.0
Necromancy     | 2 |  2.3
Spellcasting   | 4 5 |  5.3
Charms         | 5 |  5.1
Transmutations | 5 7 |  7.5

Action                   |  1- 3 |  4- 6 |  7- 9 | 10-12 | 13-15 || total
-------------------------+-------+-------+-------+-------+-------++-------
Melee: Unarmed           |    48 |   167 |   409 |   596 |   520 ||  1740
       Punch             |       |       |    14 |    54 |    39 ||   107
Throw: Throwing net      |       |       |     2 |       |       ||     2
       Large rock        |       |       |       |    18 |     4 ||    22
 Cast: Infusion          |     9 |       |       |       |       ||     9
       Shroud of Golubri |     2 |     4 |    26 |    17 |     4 ||    53
       Regeneration      |       |     9 |    35 |   105 |    37 ||   186
       Song of Slaying   |       |       |     3 |     5 |     5 ||    13
       Confusing Touch   |       |       |       |     9 |     9 ||    18
       Ice Form          |       |       |       |       |     4 ||     4
       Blade Hands       |       |       |       |       |    29 ||    29
Invok: Slouch            |       |       |       |     2 |     5 ||     7
       Temporal Distorti |       |       |       |     1 |    10 ||    11
 Abil: End Transformatio |       |       |       |       |     3 ||     3
Evoke: Wand              |     2 |     9 |    20 |    87 |    13 ||   131
  Use: Scroll            |     2 |     5 |    14 |     8 |    10 ||    39
       Potion            |       |       |     4 |    11 |       ||    15
 Stab: Invisible         |       |       |     2 |       |       ||     2
       Confused          |       |       |       |    15 |     9 ||    24
       Sleeping          |       |       |       |     2 |     1 ||     3
       Paralysed         |       |       |       |     2 |       ||     2
  Eat: Royal jelly       |     1 |       |     4 |     5 |     5 ||    15
       Chunk             |       |     1 |     3 |     4 |     7 ||    15
       Fruit             |       |       |    12 |     3 |     4 ||    19
       Meat ration       |       |       |     1 |       |       ||     1
Armor: Robe              |    15 |    22 |    88 |   106 |    30 ||   261
       Skin              |       |       |    10 |    32 |     7 ||    49
       Troll leather arm |       |       |       |       |    17 ||    17
Dodge: Dodged            |    31 |    52 |   203 |   397 |   381 ||  1064
